cohdb
Replays
Latest Replays
All Replays
Popular Replays
Top Player Replays
Match Explorer
How It Works
Community
CoH3 Stats
Reddit
Sign in to upload your games and track your stats! →
Sign in with Steam
Match 43678952
Unlisted
Match 43678952
Overview
Messages
Build Orders
End
Pioneer Squad
Construct Infanterie Kompanie
Grenadier Squad
Grenadier Squad
Grenadier Squad
MG 42 Machine Gun Team
Construct Panzergrenadier Kompanie
Selects Breakthrough Battlegroup
Selects Assault Grenadiers
Selects Breakthrough
Medical Bunker
Selects Mechanized Assault Group
GrW 34 Mortar Team
Pak 40 Anti-tank Gun Team
Panzergrenadier Officer Quarters
Goodvyn
Jay
0
0
Comments
sign in to comment!
No comments posted yet!